AoeStats
← RDA Ronan

African Clearing

504876656Analyzed
4v4 RM · 25d ago on Sep 6, 2026· 57m 12s· 8 players
Game mode
Random Map
Map size
Large (8 player)
Population
200
Speed
Normal
Resources
Standard
Victory
Conquest
Starting age
Dark Age
Ending age
Imperial Age
RankedLock teamsTeams togetherTeam positionsShared explorationLock speedFull tech treeHidden civsTurbo modeCheats
Victory
Defeat
🇺🇸 Wei · United States
1322
+15
🇹🇷 Teutons · Türkiye
1301
+16
🇳🇴 Bohemians · Norway
1287
+17
🇲🇽 Huns · Mexico
1242
+19
🇦🇷 Armenians · Argentina
1323
-17
🇦🇷 Romans · Argentina
1302
-17
🇦🇷 Hindustanis · Argentina
1300
-17
🇦🇷 Mongols · Argentina
1281
-16
Spider2YBanana
12:46 Feudal Age
14:02 Double-Bit Axe
15:29 Horse Collar
18:24 Gold Mining
21:27 Loom
24:03 Castle Age
25:24 Bow Saw
25:15 Heavy Plow
26:35 Wheelbarrow
27:50 Gold Shaft Mining
27:06 Stone Mining
28:27 Light Cavalry
33:00 Town Watch
37:53 Imperial Age
36:06 Bloodlines
35:56 Husbandry
36:44 Hand Cart
37:46 Fletching
38:12 Thumb Ring
38:58 Stone Shaft Mining
39:01 Parthian Tactics
38:33 Bodkin Arrow
38:38 Padded Archer Armor
39:10 Block Printing
39:49 Bracer
40:22 Ballistics
41:02 Leather Archer Armor
40:08 Hussar
42:23 Chemistry
41:44 Conscription
41:53 Masonry
42:12 Ming Guang Armor
42:43 Ring Archer Armor
42:19 Scale Barding Armor
42:15 Scale Mail Armor
42:30 Forging
42:56 Hoardings
44:07 Heavy Hei Guang Cavalry
44:14 Elite Tiger Cavalry
45:55 Chain Barding Armor
46:46 Forging
48:04 Iron Casting
49:19 Town Patrol
50:21 Blast Furnace
50:12 Tuntian
50:38 Capped Ram
xblxavier
6:07 Loom
14:18 Feudal Age
18:49 Castle Age
16:50 Gold Mining
16:46 Double-Bit Axe
19:51 Wheelbarrow
19:31 Bloodlines
21:34 Bow Saw
21:06 Horse Collar
21:56 Heavy Plow
23:15 Hand Cart
27:52 Gold Shaft Mining
28:01 Fletching
28:13 Husbandry
29:11 Bodkin Arrow
29:16 Padded Archer Armor
29:42 Stone Mining
30:16 Ballistics
30:48 Leather Archer Armor
31:06 Thumb Ring
37:48 Imperial Age
38:34 Bracer
37:56 Heavy Cavalry Archer
39:02 Parthian Tactics
39:21 Conscription
42:24 Chemistry
41:20 Murder Holes
41:36 Masonry
41:50 Scale Mail Armor
42:00 Forging
42:24 Light Cavalry
43:11 Scale Barding Armor
45:13 Town Watch
46:45 Two-Man Saw
45:20 Hussar
46:23 Chain Barding Armor
47:15 Pikeman
50:17 Plate Barding Armor
50:18 Iron Casting
52:21 Atheism
54:34 Blast Furnace
53:28 Elite Tarkan
55:35 Marauders
57:29 Town Patrol
Nomadic
3:51 Loom
13:13 Feudal Age
13:42 Arson
13:22 Man-at-Arms
16:57 Forging
19:44 Wheelbarrow
18:56 Double-Bit Axe
23:00 Castle Age
21:45 Horse Collar
22:32 Town Watch
23:01 Town Watch
24:23 Bow Saw
24:14 Heavy Plow
27:04 Gold Mining
27:49 Sanctity
27:47 Hand Cart
28:29 Fletching
29:50 Fervor
30:17 Stone Mining
31:42 Town Watch
32:51 Bodkin Arrow
37:24 Imperial Age
36:09 Scale Mail Armor
36:44 Iron Casting
35:50 Pikeman
36:31 Squires
36:16 Gambesons
37:35 Town Patrol
39:30 Chain Mail Armor
40:15 Blast Furnace
38:55 Halberdier
40:48 Plate Mail Armor
44:44 Two-Man Saw
45:10 Chemistry
44:36 Conscription
Tom Lobby
6:50 Loom
14:16 Feudal Age
19:05 Castle Age
18:09 Double-Bit Axe
20:02 Bow Saw
27:24 Horse Collar
31:45 Fletching
37:48 Imperial Age
37:03 Wheelbarrow
38:16 Chemistry
37:55 Heavy Plow
38:12 Padded Archer Armor
38:15 Elite Hussite Wagon
42:25 Wagenburg Tactics
43:41 Conscription
44:43 Leather Archer Armor
45:32 Houfnice
48:35 Ring Archer Armor
53:22 Fortified Wall
OPI Sonet
4:13 Loom
14:22 Feudal Age
18:10 Castle Age
16:27 Double-Bit Axe
17:13 Gold Mining
20:18 Fletching
22:47 Bodkin Arrow
25:56 Horse Collar
29:43 Ballistics
29:26 Town Watch
29:59 Padded Archer Armor
32:25 Wheelbarrow
32:27 Masonry
37:57 Bow Saw
38:49 Heavy Plow
43:23 Imperial Age
41:13 Elite Skirmisher
44:35 Bracer
46:48 Conscription
49:07 Squires
48:29 Pikeman
RDA Infernus
3:20 Loom
13:04 Feudal Age
14:45 Town Watch
17:28 Castle Age
15:52 Double-Bit Axe
23:34 Scale Barding Armor
30:07 Wheelbarrow
30:21 Chain Barding Armor
33:49 Hand Cart
34:01 Horse Collar
34:35 Bow Saw
36:35 Forging
39:34 Iron Casting
39:21 Devotion
43:05 Imperial Age
40:48 Herbal Medicine
40:35 Man-at-Arms
41:15 Squires
41:26 Scale Mail Armor
41:18 Long Swordsman
43:19 Heavy Plow
43:13 Gold Mining
43:14 Stone Mining
43:44 Legionary
46:05 Chain Mail Armor
46:52 Comitatenses
47:22 Conscription
57:21 Blast Furnace
57:27 Gold Shaft Mining
RDA Ghosti
3:21 Loom
12:51 Feudal Age
15:09 Double-Bit Axe
18:05 Castle Age
16:55 Wheelbarrow
16:06 Town Watch
17:11 Gold Mining
19:28 Bow Saw
21:43 Gold Shaft Mining
24:40 Pikeman
25:23 Scale Mail Armor
25:33 Forging
26:08 Hand Cart
25:57 Horse Collar
28:11 Scale Barding Armor
28:16 Forging
28:24 Bloodlines
29:43 Stone Mining
31:28 Chain Barding Armor
33:14 Town Patrol
35:53 Imperial Age
34:01 Iron Casting
33:41 Chain Mail Armor
34:13 Ballistics
34:07 Fletching
34:17 Padded Archer Armor
34:56 Husbandry
35:07 Bodkin Arrow
35:37 Heavy Plow
36:19 Leather Archer Armor
36:21 Chain Mail Armor
38:10 Blast Furnace
37:23 Nomads
39:02 Chemistry
39:02 Conscription
38:45 Bracer
38:40 Elite Skirmisher
40:13 Parthian Tactics
40:34 Thumb Ring
40:06 Heavy Camel Rider
47:38 Elite Steppe Lancer
50:05 Plate Mail Armor
RDA Ronan
6:15 Loom
12:47 Feudal Age
14:30 Double-Bit Axe
20:21 Wheelbarrow
22:27 Castle Age
21:54 Bloodlines
21:37 Horse Collar
22:01 Gold Mining
23:55 Scale Mail Armor
24:33 Bow Saw
26:36 Squires
27:43 Town Watch
29:49 Chain Mail Armor
31:14 Hand Cart
31:02 Heavy Plow
32:45 Stone Mining
36:22 Imperial Age
34:07 Grand Trunk Road
35:16 Scale Barding Armor
35:22 Forging
36:08 Gold Shaft Mining
36:11 Husbandry
36:34 Chain Barding Armor
36:42 Heavy Camel Rider
38:31 Conscription
39:27 Two-Man Saw
38:31 Imperial Camel Rider
41:36 Chemistry
40:05 Light Cavalry
40:59 Fletching
41:12 Padded Archer Armor
41:23 Siege Engineers
41:43 Fletching
42:44 Plate Barding Armor
41:47 Hussar
43:28 Shatagni
44:41 Ballistics
45:36 Leather Archer Armor
45:56 Fletching
48:13 Masonry
51:04 Coinage
51:06 Bodkin Arrow
53:06 Town Patrol
57:28 Ring Archer Armor
57:37 Iron Casting
Connection lost

Rejoining the realm…

Still unreachable

The connection could not be restored.

Session expired

The server has moved on; the page needs a fresh start.